Map: Triton LE

Players

Gerald - Winner!

  • Race: Protoss Protoss
  • Spawn Location: 5:00

TIME (Oliveira)

  • Race: Terran Terran
  • Spawn Location: 11:00

VOD

Have the link to the VOD?

Description

Time

  • Played on: Sept. 6, 2019, 8:38 p.m.
  • Length: 12:53
Show
View Real Time Build Order
Export as new Build Order

Gerald Protoss - Winner!

Build Orders: 1 Gate Expand, Blink Stalkers, Colossus Rush 

Get SALT Encoding   

  12  0:00  Probe  
  13  0:13  Probe  
  14  0:17  Pylon  
  14  0:23  Probe  
  15  0:31  Probe  
  15  0:36  Gateway  
  15  0:39  Probe  
  16  0:45  Assimilator  
  17  0:51  Probe  
  18  1:03  Probe  
  19  1:15  Probe  
  20  1:22  Nexus  
  20  1:31  Cybernetics Core  
  20  1:34  Probe  
  21  1:41  Assimilator  
  21  1:46  Probe  
  22  1:51  Pylon  
  22  1:58  Probe  
  22  1:59  Adept  
  23  2:07  Warp Gate  
  23  2:10  Probe  
  26  2:19  Adept  
  26  2:20  Twilight Council  
  26  2:22  Probe  
  28  2:33  Probe  
  28  2:34  Probe  
  30  2:45  Probe  
  30  2:46  Probe  
  32  2:51  Stalker  
  32  2:56  Probe  
  35  2:58  Probe  
  35  3:01  Pylon  
  35  3:03  Blink  
  36  3:12  Probe x2  
  38  3:22  Gateway  
  38  3:24  Gateway, Probe  
  38  3:25  Probe  
  40  3:32  Robotics Facility  
  40  3:38  Probe  
  40  3:40  Probe  
  42  3:45  Stalker  
  44  3:50  Probe  
  44  3:54  Probe, Assimilator  
  44  3:55  Assimilator  
  46  4:02  Probe  
  47  4:06  Probe  
  48  4:14  Probe  
  45  4:17  Observer, Pylon  
  45  4:18  Probe, Stalker  
  45  4:23  Stalker  
  50  4:26  Probe  
  50  4:30  Probe  
  50  4:31  Pylon, Robotics Bay  
  53  4:34  Forge  
  53  4:35  Stalker  
  53  4:37  Observer  
  55  4:44  Probe, Stalker  
  59  4:46  Probe  
  59  4:50  Stalker  
  62  4:52  Pylon  
  62  4:58  Pylon  
  63  5:01  Protoss Ground Weapons Level 1  
  63  5:03  Colossus  
  63  5:07  Nexus  
  68  5:23  Shield Battery  
  68  5:24  Shield Battery  
  67  5:32  Stalker x3  
  67  5:35  Pylon  
  73  5:52  Gateway  
  73  5:53  Gateway  
  72  5:59  Stalker x3  
  74  6:08  Probe  
  75  6:23  Adept x3  
  81  6:28  Disruptor  
  81  6:30  Pylon  
  81  6:32  Nexus  
  84  6:46  Stalker x2  
  88  6:47  Stalker  
  88  6:52  Probe  
  91  6:56  Pylon  
  91  6:58  Adept  
  74  7:18  Stalker x4  
  78  7:23  Probe  
  78  7:24  Probe  
  78  7:27  Protoss Ground Armor Level 1  
  80  7:34  Charge  
  80  7:35  Probe  
  80  7:36  Probe  
  82  7:39  Colossus  
  88  7:47  Probe x2  
  88  7:48  Probe  
  91  7:59  Probe  
  91  8:00  Probe, Zealot x4  
  91  8:04  Zealot, Probe  
  104  8:08  Templar Archives  
  103  8:20  Stalker x3  
  109  8:32  Pylon  
  109  8:46  Warp Prism  
  109  8:50  Probe x3  
  109  8:51  Pylon  
  109  8:53  Pylon, Extended Thermal Lance  
  114  8:57  Gateway  
  114  8:58  Zealot  
  116  9:04  Pylon  
  116  9:09  Probe x2  
  118  9:13  Probe  
  119  9:17  Zealot x4  
  119  9:18  Zealot  
  119  9:20  Assimilator  
  119  9:22  Assimilator  
  129  9:29  Psionic Storm  
  129  9:31  Immortal, Probe  
  126  9:32  Probe  
  126  9:33  Probe  
  132  9:43  Probe  
  131  9:54  High Templar x3  
  131  9:55  Zealot x2  
  131  10:09  Immortal  
  129  10:17  Stalker  
  129  10:18  Stalker x2  
  117  10:39  Immortal  
  117  10:40  Probe, Stalker x4  
  130  10:50  Nexus  
  130  10:54  Gateway  
  130  10:56  Gateway  
  130  10:58  High Templar  
  130  10:59  High Templar  
  130  11:04  Archon  
  134  11:07  Zealot x3  
  140  11:11  Pylon  
  140  11:13  Pylon  
  140  11:27  Pylon  
  140  11:29  Immortal  
  144  11:33  Zealot x2  
  144  11:34  Zealot x3, Stalker  
  140  12:01  Zealot x8  
  142  12:04  Probe x2  
  152  12:08  Immortal  
  154  12:20  Probe  
  151  12:23  Assimilator  
  151  12:26  High Templar  
  151  12:27  High Templar x7, Assimilator  
  167  12:35  Archon x3  
  155  12:48  Archon  
Show
View Real Time Build Order
Export as new Build Order

TIME Terran 

Build Orders: Liberator Opening, Reaper Expand 

Get SALT Encoding   

  12  0:00  SCV  
  13  0:12  SCV  
  14  0:17  Supply Depot  
  14  0:24  SCV  
  15  0:39  SCV  
  15  0:40  Barracks  
  16  0:44  Refinery  
  16  0:51  SCV  
  17  1:03  SCV  
  18  1:15  SCV  
  19  1:27  Reaper  
  19  1:28  Orbital Command  
  20  1:44  Command Center  
  20  1:47  Supply Depot  
  20  1:53  SCV  
  21  1:59  Refinery  
  21  2:00  Barracks Reactor  
  21  2:05  SCV  
  22  2:16  Bunker  
  22  2:17  SCV  
  22  2:22  Factory  
  23  2:29  SCV  
  24  2:37  Marine x2  
  24  2:42  SCV  
  26  2:54  Marine, SCV  
  26  2:55  Marine  
  26  2:56  Orbital Command  
  29  3:06  Starport, Factory Tech Lab, SCV  
  29  3:12  Marine x2  
  30  3:18  SCV  
  33  3:21  SCV  
  33  3:24  Cyclone  
  33  3:25  Supply Depot  
  37  3:30  SCV  
  37  3:31  Marine x2  
  37  3:33  SCV  
  41  3:42  SCV  
  41  3:45  Viking, SCV  
  45  3:48  Marine  
  45  3:51  Supply Depot  
  46  3:59  Liberator  
  46  4:02  Siege Tank, Marine  
  48  4:03  SCV  
  48  4:06  Marine  
  48  4:08  SCV  
  52  4:18  SCV  
  52  4:20  SCV  
  52  4:22  Marine  
  52  4:23  Supply Depot  
  55  4:24  Marine  
  55  4:30  SCV  
  57  4:34  SCV  
  57  4:35  Siege Tank  
  61  4:38  Supply Depot  
  61  4:40  Marine  
  61  4:45  SCV, Marine  
  64  4:47  SCV  
  65  4:58  Marine, SCV  
  65  4:59  Medivac, SCV  
  70  5:01  Supply Depot  
  70  5:02  Marine  
  71  5:10  SCV  
  71  5:13  Siege Tank  
  75  5:16  Marine  
  75  5:18  SCV  
  75  5:20  Marine  
  77  5:24  Command Center  
  77  5:29  Supply Depot  
  77  5:34  Marine  
  75  5:38  Marine  
  74  5:50  Siege Tank  
  74  5:51  Marine  
  74  5:52  SCV  
  79  5:59  Marine  
  78  6:04  Liberator  
  78  6:05  SCV  
  78  6:09  Marine  
  78  6:10  Bunker x2  
  80  6:15  SCV  
  80  6:16  Barracks, Marine  
  80  6:17  Barracks  
  80  6:18  Refinery  
  82  6:19  Supply Depot, Refinery  
  85  6:27  Marine  
  85  6:29  SCV x2  
  88  6:34  Marine  
  89  6:43  SCV  
  89  6:45  Marine  
  89  6:46  Orbital Command, Engineering Bay  
  90  6:49  Engineering Bay  
  90  6:52  Marine  
  90  6:53  Siege Tank  
  86  7:03  Bunker, Marine  
  86  7:06  Barracks Tech Lab, Starport Reactor  
  87  7:12  Barracks Tech Lab  
  72  7:16  Marine  
  72  7:22  Marine  
  65  7:24  SCV x2  
  65  7:27  Siege Tank  
  70  7:30  Barracks  
  70  7:31  Terran Infantry Weapons Level 1  
  70  7:35  Barracks  
  70  7:36  Stimpack  
  70  7:39  Combat Shield  
  70  7:42  SCV x2  
  72  7:47  Terran Infantry Armor Level 1  
  72  7:49  Marauder  
  74  7:55  Marine x2  
  74  7:56  Marauder  
  74  7:58  SCV x2  
  80  8:01  Siege Tank  
  82  8:10  Marauder  
  82  8:12  Orbital Command, Marine  
  84  8:13  Marine  
  84  8:15  Medivac  
  84  8:17  Marauder  
  90  8:25  Barracks Tech Lab, Barracks Reactor  
  90  8:26  SCV x2  
  92  8:32  Marine  
  89  8:35  Marauder  
  89  8:36  Siege Tank  
  89  8:38  Marauder, SCV x2  
  89  8:39  SCV  
  97  8:42  Marine  
  97  8:43  Refinery, Marine  
  97  8:44  Refinery  
  99  8:50  SCV x2, Marine  
  99  8:52  Armory, SCV  
  103  8:56  Marine  
  103  8:59  Marine  
  103  9:00  Marine  
  103  9:01  Marauder, Marine  
  103  9:02  Concussive Shells, Marine  
  108  9:03  SCV  
  108  9:06  SCV x2  
  108  9:08  Command Center  
  111  9:14  Sensor Tower  
  111  9:15  SCV  
  111  9:16  Siege Tank  
  117  9:18  Supply Depot  
  117  9:19  Supply Depot  
  117  9:20  Liberator x2  
  115  9:30  SCV, Marine x2  
  115  9:31  Marauder  
  115  9:35  Marine x2  
  115  9:36  Marauder  
  125  9:41  SCV  
  125  9:42  Supply Depot, SCV  
  127  9:50  Marine  
  127  9:56  Marine x2  
  127  9:57  Marauder  
  127  9:58  Siege Tank  
  132  10:05  Terran Infantry Weapons Level 2  
  132  10:06  Terran Infantry Armor Level 2  
  119  10:07  Marine x2  
  119  10:12  Marine  
  119  10:14  Marine  
  110  10:16  Marine  
  110  10:19  SCV x2  
  112  10:21  Marine  
  112  10:25  Marine  
  112  10:26  Marauder  
  108  10:30  Marine  
  108  10:31  Marauder  
  106  10:37  Widow Mine, Marine  
  106  10:38  SCV x2  
  106  10:39  SCV  
  111  10:45  Marauder, Marine x2  
  111  10:48  Viking x2  
  119  10:50  Starport, Marine  
  119  10:51  Marauder  
  119  10:55  Marine  
  124  11:03  Marine x2  
  126  11:05  Planetary Fortress, SCV x2  
  126  11:09  Ghost Academy  
  127  11:12  Siege Tank  
  127  11:16  Marine  
  127  11:18  Medivac x2  
  135  11:26  Marauder  
  135  11:27  Marauder, Marine  
  135  11:29  SCV  
  141  11:33  Refinery, SCV  
  141  11:34  Refinery  
  141  11:35  Supply Depot, Marine x2, Marauder  
  145  11:41  Viking, Marine  
  145  11:45  Marine  
  145  11:46  Ghost  
  142  11:47  Ghost  
  136  11:55  Marine  
  136  11:57  Marauder  
  136  11:59  Marine x2  
  136  12:03  Marine  
  137  12:12  Marine  
  132  12:16  Marauder x2  
  132  12:20  Orbital Command  
Tags
 
Add a new tag
Caveats
  • Supply blocks, unpowered buildings, or Contaminate may cause inaccurate times.
  • Supply counts are checked every 10 seconds.